 Dungeon Crawl Stone Soup version 0.24-a0-479-g9a978d2894 (webtiles) character file.

Game seed: 11598197810837335315

426 PgLoLo the Skirmisher (level 7, -2/57 HPs)
             Began as a Formicid Fighter on July 6, 2019.
             Slain by a gnoll
             ... wielding a +0 spear
              (3 damage)
             ... on level 4 of the Dungeon.
             The game lasted 00:05:46 (3300 turns).

PgLoLo the Skirmisher (Formicid Fighter)            Turns: 3300, Time: 00:05:46

Health: -2/57      AC:  7    Str: 27    XL:     7   Next: 18%
Magic:  7/7        EV:  8    Int:  8    God:
Gold:   178        SH: 11    Dex: 13    Spells: 6/6 levels left

rFire    + . .     SeeInvis +   a - +0 war axe
rCold    x . .     Gourm    .   c - +0 shield
rNeg     . . .     Faith    .   b - +0 scale mail
rPois    .         Spirit   .   (helmet unavailable)
rElec    .         Reflect  .   (no cloak)
rCorr    .         Harm     .   (no gloves)
MR       .....                  (no boots)
Stlth    ..........             (no amulet)
HPRegen  0.19/turn              v - +3 ring of dexterity
MPRegen  0.10/turn              e - ring of fire

@: mighty
A: permanent stasis, dig shafts and tunnels, four strong arms, antennae 3
a: Dig, Shaft Self


You were on level 4 of the Dungeon.
You were not hungry.

You visited 1 branch of the dungeon, and saw 4 of its levels.

You collected 178 gold pieces.

Inventory:

Hand Weapons
 a - a +0 war axe (weapon)
Missiles
 i - 56 sling bullets
Armour
 b - a +0 scale mail (worn)
 c - a +0 shield (worn)
Jewellery
 e - a ring of fire (right hand)
 p - an uncursed ring of flight
 u - an uncursed amulet of faith
 v - a +3 ring of dexterity (left hand)
Scrolls
 g - 2 scrolls of enchant weapon
 h - 3 scrolls of identify
 q - 2 scrolls of magic mapping {unknown}
 r - 3 scrolls of remove curse
 w - a scroll of random uselessness {unknown}
Potions
 k - a potion of berserk rage {unknown}
 l - 3 potions of cancellation
 m - a potion of ambrosia {unknown}
 n - 2 potions of degeneration {unknown}
 o - 2 potions of lignification {unknown}
 s - a potion of resistance {unknown}
 t - a potion of curing {unknown}
Comestibles
 f - 5 rations


   Skills:
 * Level 5.8 Fighting
 + Level 3.6 Axes
 + Level 4.7 Armour
 + Level 5.0 Shields


You had 6 spell levels left.
You didn't know any spells.
Your spell library was empty.

Dungeon Overview and Level Annotations

Branches:
Dungeon (4/15)
 Temple: D:4-7

Altars:

Annotations:
D:4 Eustachio


Innate Abilities, Weirdness & Mutations

You cannot be hasted, slowed, berserked, paralysed or teleported.
You can dig through walls and to a lower floor.
Your four strong arms can wield two-handed weapons with a shield.
You have a pair of large antennae on your head. (SInv)


Message History

You are too injured to fight recklessly!
You are too injured to fight recklessly!
You are too injured to fight recklessly!
You barely miss the gnoll.
Your shield and scale mail prevent you from hitting the gnoll.
You barely miss the gnoll. The gnoll hits you with a +0 flail!
* * * LOW HITPOINT WARNING * * *
The gnoll hits you with a +0 halberd.
* * * LOW HITPOINT WARNING * * *
The gnoll barely misses you.
You barely miss the gnoll. You closely miss the gnoll.
You barely miss the gnoll. The gnoll closely misses you.
You block the gnoll's attack. x3
You feel very mighty all of a sudden. The gnoll barely misses you.
The gnoll hits you with a +0 halberd!
* * * LOW HITPOINT WARNING * * *
You block the gnoll's attack.
The gnoll throws a stone.
You block the stone. You block the gnoll's attack.
The gnoll hits you from afar with a +0 spear.
You die...

#.##### #.# #...... ...
....... #.# ....... #.#
....... #.# ....... #.#
......g####.############
......g)@..............#
......g####.#....#####.##
.......{ #.....#.#####...
....... .................
########>................
#.#####.#.######## ..
####'#'### ## #........#
#........#


You could see 3 gnolls.

Vanquished Creatures
  Blork the orc (D:4)
  2 howler monkeys
  A gnoll shaman (D:4)
  A centaur skeleton (D:4)
  An iguana (D:4)
  A worker ant (D:4)
  Robin (D:2)
  2 gnolls
  6 adders
  3 dart slugs
  5 leopard geckos
  5 orcs (D:3)
  A ball python (D:4)
  4 giant cockroaches
  11 goblins
  5 hobgoblins
  12 jackals
  11 kobolds
  9 bats
  2 frilled lizards
  5 rats
89 creatures vanquished.

Notes
Turn   | Place    | Note
-------+----------+-------------------------------------------
     0 | D:1      | PgLoLo the Formicid Fighter began the quest for the Orb.
     0 | D:1      | Reached XP level 1. HP: 18/18 MP: 1/1
   244 | D:1      | Reached XP level 2. HP: 16/24 MP: 2/2
   440 | D:1      | Reached XP level 3. HP: 24/30 MP: 3/3
   895 | D:2      | Reached XP level 4. HP: 37/37 MP: 4/4
  1229 | D:2      | Reached XP level 5. HP: 43/43 MP: 5/5
  1262 | D:2      | Noticed Robin
  1293 | D:2      | Killed Robin
  2110 | D:3      | Reached skill level 5 in Fighting
  2158 | D:3      | Reached XP level 6. HP: 49/51 MP: 6/6
  2946 | D:4      | Noticed Eustachio
  3124 | D:4      | Noticed Blork the orc
  3149 | D:4      | Killed Blork the orc
  3190 | D:4      | Reached skill level 5 in Shields
  3190 | D:4      | Reached XP level 7. HP: 45/57 MP: 7/7
  3299 | D:4      | HP: 1/57 [gnoll/+0 halberd (13)]
  3300 | D:4      | Slain by a gnoll

Levels and vault maps discovered:
D:1:      eino_arrival_cavern_c, layout_loops_ring, minmay_tetromino_s2
D:2:      layout_loops_ring, uniq_robin
D:3:      layout_basic
D:4:      layout_basic, uniq_blork_the_orc, uniq_eustachio,
          uniq_crazy_yiuf_cottage, uniq_pikel

Skill      XL: |  1  2  3  4  5  6 |
---------------+-------------------+-----
Shields        | 4 5 |  5.0
Fighting       | 4 5 |  5.8
Armour         | 4 |  4.7
Axes           | 3 |  3.6

Action                   |  1- 3 |  4- 6 |  7- 9 || total
-------------------------+-------+-------+-------++-------
Melee: War axe           |    94 |   185 |     8 ||   287
  Use: Scroll            |     2 |     2 |       ||     4
       Potion            |       |       |     1 ||     1
  Eat: Chunk             |       |     8 |       ||     8
Armor: Scale mail        |    39 |    82 |     2 ||   123
Dodge: Dodged            |    52 |    76 |     6 ||   134
Block: Shield            |    60 |   106 |    11 ||   177

Table legend:
 A = Non-vault XP
 B = Vault XP
 C = Vault XP percentage of total XP
 D = Non-vault monster count
 E = Vault monster count
 F = Vault count percentage of total count
                 A         B        C        D         E       F
            +---------+---------+-------+---------+---------+-------
      Total |     488 |     121 |  19.9 |      78 |      11 |  12.4
            +---------+---------+-------+---------+---------+-------
        D:1 |      62 |       5 |   7.5 |      26 |       2 |   7.1
        D:2 |     136 |      29 |  17.6 |      19 |       8 |  29.6
        D:3 |      52 |       0 |   0.0 |      23 |       0 |   0.0
        D:4 |     238 |      87 |  26.8 |      10 |       1 |   9.1
            +---------+---------+-------+---------+---------+-------
